Map: Pillars of Gold LE

Players

Neeb - Winner!

  • Race: Protoss Protoss
  • Spawn Location: 7:00

Astrea

  • Race: Protoss Protoss
  • Spawn Location: 1:00

Event: DreamHack SC2 Masters 2020 Summer North America

VOD

Have the link to the VOD?

Description

Time

  • Played on: July 8, 2020, 5:02 p.m.
  • Length: 10:52

All games in this series

Show
View Real Time Build Order
Export as new Build Order

Neeb Protoss - Winner!

Build Orders: Oracle Opening, Proxy Void Ray 

Get SALT Encoding   

  12  0:00  Probe  
  13  0:12  Probe  
  14  0:18  Pylon  
  14  0:24  Probe  
  15  0:32  Probe  
  15  0:39  Gateway  
  15  0:40  Probe  
  16  0:47  Assimilator  
  17  0:51  Probe  
  17  0:56  Assimilator  
  18  0:59  Probe  
  19  1:08  Probe  
  19  1:10  Gateway  
  20  1:19  Probe  
  21  1:27  Cybernetics Core  
  21  1:31  Probe  
  22  1:37  Pylon  
  22  1:43  Probe  
  23  2:03  Stargate  
  23  2:05  Adept x2  
  27  2:11  Warp Gate  
  27  2:16  Pylon  
  27  2:26  Pylon  
  27  2:35  Stalker  
  29  2:38  Oracle  
  32  2:56  Stalker  
  32  2:57  Pylon  
  34  3:09  Shield Battery  
  34  3:13  Pylon  
  34  3:17  Void Ray  
  38  3:39  Shield Battery  
  38  3:51  Void Ray  
  38  4:00  Shield Battery  
  42  4:17  Shield Battery  
  42  4:21  Stalker x2  
  46  4:39  Void Ray  
  50  4:47  Shield Battery  
  50  4:58  Stalker x2  
  54  5:25  Void Ray  
  58  5:30  Pylon  
  58  5:39  Stalker  
  60  5:42  Shield Battery  
  60  5:45  Stalker  
  61  6:07  Sentry  
  63  6:12  Pylon  
  63  6:14  Pylon  
  61  6:20  Adept  
  59  6:39  Stalker  
  53  6:41  Adept  
  53  6:42  Probe  
  56  6:49  Void Ray  
  57  7:04  Adept x2  
  61  7:26  Sentry  
  61  7:28  Zealot  
  65  7:52  Adept  
  65  7:53  Adept  
  63  8:13  Void Ray  
  61  8:22  Stalker x2  
  69  8:46  Adept x2  
  73  8:54  Pylon  
  73  9:07  Stalker x2  
Show
View Real Time Build Order
Export as new Build Order

Astrea Protoss 

Build Orders: Nexus First 

Get SALT Encoding   

  12  0:00  Probe  
  13  0:12  Probe  
  14  0:18  Pylon  
  14  0:24  Probe  
  15  0:32  Probe  
  15  0:40  Probe  
  17  0:51  Probe  
  18  1:01  Nexus  
  18  1:12  Gateway  
  18  1:14  Probe  
  19  1:20  Assimilator  
  19  1:27  Probe  
  19  1:28  Assimilator  
  20  1:39  Probe  
  21  1:46  Gateway  
  21  1:51  Probe  
  21  1:52  Pylon  
  22  2:01  Cybernetics Core  
  22  2:05  Probe  
  23  2:10  Probe  
  23  2:11  Zealot  
  26  2:18  Probe  
  26  2:19  Probe  
  27  2:28  Stalker  
  27  2:29  Stalker, Warp Gate  
  28  2:31  Probe  
  33  2:47  Probe x2  
  35  2:51  Shield Battery  
  35  2:59  Probe x2  
  35  3:06  Stalker  
  35  3:09  Stalker  
  39  3:15  Pylon  
  38  3:36  Stalker, Shield Battery  
  38  3:39  Stalker  
  42  3:43  Shield Battery  
  42  3:51  Gateway  
  42  3:55  Shield Battery  
  42  3:57  Shield Battery  
  42  4:19  Stalker x2  
  42  4:23  Shield Battery  
  46  4:29  Pylon  
  46  4:32  Shield Battery  
  46  4:42  Stalker x2  
  46  4:43  Cybernetics Core  
  50  4:59  Stalker  
  49  5:05  Stalker  
  48  5:14  Gateway  
  39  5:22  Stalker  
  41  5:32  Stalker  
  43  5:43  Probe x2  
  43  5:46  Stalker  
  47  5:53  Zealot  
  47  5:55  Probe  
  50  6:02  Probe  
  50  6:04  Stalker  
  50  6:07  Probe  
  50  6:08  Stalker  
  55  6:17  Probe  
  51  6:28  Stalker  
  51  6:38  Stalker  
  45  6:43  Probe x2  
  47  6:52  Stalker  
  49  6:58  Probe  
  50  7:04  Stalker  
  52  7:10  Gateway  
  52  7:13  Probe  
  53  7:24  Probe  
  53  7:27  Probe  
  55  7:32  Twilight Council  
  55  7:43  Probe  
  56  7:48  Stalker x2  
  60  7:56  Probe x2  
  55  8:10  Stalker  
  55  8:11  Stalker  
  54  8:17  Stalker  
  50  8:37  Stalker, Pylon  
  52  8:45  Pylon  
  52  8:47  Stalker  
  54  9:06  Stalker x2  
  46  9:18  Stalker  
Tags
 
Add a new tag
Caveats
  • Supply blocks, unpowered buildings, or Contaminate may cause inaccurate times.
  • Supply counts are checked every 10 seconds.